 Dungeon Crawl Stone Soup version 0.29.1-15-g9cfb28693d (webtiles) character file.

Game seed: 17627471048016948568

1661 croobank the Covert (level 9, -13/62 HPs)
             Began as an Octopode Delver on Mar 14, 2023.
             Mangled by a wyvern (19 damage)
             ... on level 7 of the Dungeon.
             The game lasted 00:14:48 (7927 turns).

croobank the Covert (Octopode Delver)               Turns: 7927, Time: 00:14:48

Health: -13/62     AC:  1    Str: 11    XL:     9   Next: 0%
Magic:  8/15       EV: 15    Int: 20    God:
Gold:   330        SH:  0    Dex: 14    Spells: 13/16 levels left

rFire   + . .      SeeInvis .   p - +1 short sword (vamp)
rCold   + . .      Faith    .   (no shield)
rNeg    . . .      Spirit   .   (helmet restricted)
rPois   +          Reflect  .   t - amulet of Vievvotz {Acrobat rElec Int+4}
rElec   +          Harm     .   f - ring of resist corrosion
rCorr   +          Rampage  .   v - ring of poison resistance
Will    +....                   n - ring of protection from fire
Stlth   +++++.....              H - ring of protection from cold
HPRegen 0.20/turn               L - ring of willpower
MPRegen 0.14/turn               (no ring)
                                (no ring)
                                (no ring)

@: mighty
A: almost no armour, amphibious, 8 rings, camouflage 1, gelatinous body 1,
(nimble swimmer 1), tentacles
a: no special abilities


You were on level 7 of the Dungeon.
You visited 2 branches of the dungeon, and saw 8 of its levels.

You collected 402 gold pieces.
You spent 72 gold pieces at shops.

Inventory:

Hand Weapons
 b - a +0 sling
 g - a +0 dagger
 l - a +0 short sword
 p - a +1 vampiric short sword (weapon)
 q - a +0 hand axe
 u - a +1 trident of holy wrath
 F - a +2 mace of holy wrath
 J - a +0 dagger of draining
Missiles
 j - 28 poisoned darts (quivered)
 G - a boomerang
Jewellery
 f - a ring of resist corrosion (left tentacle)
 n - a ring of protection from fire (on tentacle)
 t - the amulet of Vievvotz (around mantle) {Acrobat rElec Int+4}
   (You found it on level 4 of the Dungeon)

   [amulet of the acrobat]

   It increases your evasion while moving and waiting.
   Int:       It affects your intelligence (+4).
   rElec:     It insulates you from electricity.
 v - a ring of poison resistance (right tentacle)
 H - a ring of protection from cold (on tentacle)
 L - a ring of willpower (on tentacle)
Wands
 e - a wand of digging (3)
 x - a wand of flame (7)
 C - a wand of light (6)
 I - a wand of iceblast (11)
Scrolls
 a - a scroll of fog
 h - 7 scrolls of teleportation
 m - 3 scrolls of enchant armour
 o - 3 scrolls of noise
 y - 6 scrolls of identify
 B - 3 scrolls of magic mapping
 D - a scroll of butterflies {unknown}
 E - a scroll of silence {unknown}
Potions
 d - a potion of haste
 i - 2 potions of attraction
 k - 2 potions of lignification
 r - 2 potions of flight
 s - 2 potions of mutation
 w - 2 potions of cancellation
 z - a potion of might
 A - 4 potions of brilliance


   Skills:
 + Level 5.8 Fighting
 + Level 5.2 Dodging
 + Level 9.7 Stealth
 + Level 5.2 Unarmed Combat
 + Level 4.0 Spellcasting
 * Level 1.7 Summonings


You had 13 spell levels left.
You knew the following spells:

 Your Spells              Type           Power      Damage    Failure   Level
a - Summon Guardian Gole  Hex/Summ       7%         N/A       26%         3

Your spell library contained the following spells:

 Spells                   Type           Power      Damage    Failure   Level
 Magic Dart               Conj           16%        1d3       13%         1
 Searing Ray              Conj           8%         2d4       19%         2
 Conjure Flame            Conj/Fire      4%         6-21      36%         3
 Ignite Poison            Fire/Tmut/Pois 4%         N/A       36%         3
 Portal Projectile        Hex/Tloc       8%         N/A       36%         3
 Tukima's Dance           Hex            4%         N/A       36%         3
 Fulminant Prism          Conj/Hex       2%         3d6       77%         4
 Sticky Flame             Conj/Fire      4%         2d3       77%         4
 Blade Hands              Tmut           2%         N/A       98%         5
 Orb of Destruction       Conj           2%         9d5       100%        7
 Spellforged Servitor     Conj/Summ      3%         N/A       100%        7


Dungeon Overview and Level Annotations

Branches:
Dungeon (7/15)             Temple (1/1) D:7

Altars:
Ashenzari
Cheibriados
Dithmenos
Elyvilon
Fedhas
Kikubaaqudgha
Makhleb
Nemelex Xobeh
Okawaru
Qazlal
Ru
Sif Muna
Trog
Uskayaw
Vehumet
Wu Jian
Xom
Yredelemnul
Zin
The Shining One

Shops:
D:1 *(   D:3 ?

Annotations:
D:6 1 runed translucent door, Crazy Yiuf


Innate Abilities, Weirdness & Mutations

You cannot wear most types of armour.
You are amphibious.
You can wear up to eight rings at the same time.
Your skin changes colour to match your surroundings (Stealth+).
Your rubbery body absorbs attacks. (AC +1, EV +1)
((You are camouflaged when in or above water. (Stealth+)))
You have tentacles for arms and can constrict up to eight enemies at once.


Message History

Your guardian golem overheats!
The hornet stings your guardian golem. Flame seeps out of your guardian golem.
The hornet stings your guardian golem!
Your guardian golem disappears in a puff of smoke!
Your guardian golem explodes!
The fiery explosion engulfs the hornet!
INVALID YOU_FAULTLESS attack snaps the hornet out of its fear.
You hear a loud, deep croak!
Okay, then.
The hornet is engulfed in blazing flames.
Casting: Summon Guardian Golem (dangerous; 26% risk of failure)
Confirm with . or Enter, or press ? or * to list all spells.
A guardian golem appears, shielding your allies.
The wyvern hisses menacingly.
The wyvern seems to regain its courage.
The hornet stings you.
Casting: Summon Guardian Golem (dangerous; 26% risk of failure)
Confirm with . or Enter, or press ? or * to list all spells.
A guardian golem appears, shielding your allies.
Your guardian golem disappears in a puff of smoke!
The hornet closely misses you. The hornet attacks as you move away!
The hornet misses you. The hornet closely misses you.
There are monsters nearby!
You feel very mighty all of a sudden. The hornet stings you!
* * * LOW HITPOINT WARNING * * *
Okay, then.
Okay, then.
Throw: dart (curare)
Press: ? - help, Q - select action, (/) - cycle Shift-Dir - straight line, f - hornet
Aim: a hornet (severely wounded, 46% to hit)
You throw a curare-tipped dart. The curare-tipped dart hits the hornet.
The hornet is poisoned.
The hornet convulses.
The hornet seems to slow down.
The hornet is almost dead.
You kill the hornet!
The wyvern bites you!
* * * LOW HITPOINT WARNING * * *
The wyvern bites you!!
You die...

# #.........# .#..
#.........# ....
##......○§§# ....##..
#..§.§##..## ..>....
##..§.§.....#
......###...##.......
#...9..### ##.....
#..l..## ...# #
#.@(.## ### ######
##...#### ####
.....##
#......#####..##
..#...# #.
#######........##
.####.####.#
###.####..## .##
##..##..## ### ###.#
..# ##..#....## #.#
.## #..# #...# #.# .#
#.## #..######## #.#


You could see a wyvern (ally target) and a friendly guardian golem (summoned).

Vanquished Creatures
  A hornet (D:7)
  2 black bears (D:5)
  A sky beast (D:6)
  2 ogres (D:6)
  2 centaurs
  2 kobold brigands
  4 scorpions
  3 bullfrogs
  2 jellies
  An orc priest (D:7)
  3 hounds
  2 iguanas
  Ijyb (D:3)
  An orc wizard (D:2)
  A gnoll (D:1)
  8 adders
  A white imp (D:6)
  An ufetubus (D:6)
  A dart slug (D:1)
  17 orcs
  6 bats
  8 endoplasms
  7 giant cockroaches
  3 goblins
  7 hobgoblins
  3 jackals (D:4)
  19 kobolds
  7 quokkas
  7 ball pythons
  A frilled lizard (D:3)
  9 rats
133 creatures vanquished.

Notes
Turn   | Place    | Note
-------+----------+-------------------------------------------
     0 | D:5      | croobank the Octopode Delver began the quest for the Orb.
     0 | D:5      | Reached XP level 1. HP: 16/16 MP: 1/1
     1 | D:6      | Noticed an ogre
    81 | D:4      | Noticed a hound
   396 | D:1      | Found Kucsi's Assorted Antiques.
   404 | D:1      | Reached XP level 2. HP: 21/21 MP: 2/2
   662 | D:1      | Reached XP level 3. HP: 26/26 MP: 3/3
   671 | D:1      | Reached skill level 7 in Stealth
  1245 | D:1      | Found Enastrapt's Weapon Boutique.
  1620 | D:2      | Reached XP level 4. HP: 31/31 MP: 4/4
  2075 | D:2      | Found a faded altar of an unknown god.
  2911 | D:3      | Noticed Ijyb
  3036 | D:3      | Killed Ijyb
  3037 | D:3      | Reached skill level 1 in Spellcasting
  3037 | D:3      | Reached XP level 5. HP: 29/37 MP: 6/6
  3584 | D:3      | Found Xifiw's Magic Scroll Boutique.
  3587 | D:3      | Bought a scroll of identify for 24 gold pieces
  3896 | D:3      | Bought a scroll of identify for 24 gold pieces
  3896 | D:3      | Bought a scroll of identify for 24 gold pieces
  4143 | D:4      | Reached XP level 6. HP: 36/43 MP: 8/8
  4634 | D:4      | Identified the amulet of Vievvotz {Acrobat rElec Int+4}
  5010 | D:5      | Noticed a black bear
  5023 | D:5      | Killed a black bear
  5024 | D:5      | Reached skill level 8 in Stealth
  5024 | D:5      | Reached XP level 7. HP: 23/49 MP: 10/10
  6042 | D:6      | Reached skill level 5 in Fighting
  6042 | D:6      | Reached XP level 8. HP: 47/55 MP: 12/12
  6196 | D:6      | Reached skill level 9 in Stealth
  6656 | D:6      | Found a runed translucent door.
  6657 | D:6      | Noticed Crazy Yiuf
  6798 | D:7      | Reached skill level 5 in Unarmed Combat
  6829 | D:7      | Found a basalt altar of Yredelemnul.
  6846 | D:7      | Reached skill level 5 in Dodging
  6855 | D:7      | Learned a level 3 spell: Summon Guardian Golem
  7016 | D:7      | Reached skill level 1 in Summonings
  7454 | D:7      | Found a staircase to the Ecumenical Temple.
  7549 | Temple   | Entered the Ecumenical Temple
  7754 | D:7      | Reached XP level 9. HP: 38/62 MP: 13/15
  7906 | D:7      | Noticed a hornet
  7927 | D:7      | Killed a hornet
  7927 | D:7      | Mangled by a wyvern

Illustrated notes

Levels and vault maps discovered:
D:1:      lemuel_arrival_rhombus, layout_loops_ring, serial_shops, shop,
          nicolae_shop_bloodbath_and_beyond
D:2:      layout_loops_cross, ebering_ecumenical_altar_sacrificial
D:3:      layout_loops_ring, serial_shops, nicolae_shop_window_shopping,
          fountainhead, grunt_decor_junction, dk_noncrumbling_3,
          minmay_misc_feat_alley, grunt_ministairs_13, guppyfry_early_lair_pool,
          uniq_ijyb
D:4:      layout_basic, minmay_misc_feat_tiny
D:5:      layout_loops_ring
D:6:      layout_rooms, uniq_crazy_yiuf_cottage
D:7:      layout_layer_cave, lemuel_crystal_altar, temple_doors_ab
Temple:   nicolae_temple_bog_church

Skill      XL: |  1  2  3  4  5  6  7  8 |
---------------+-------------------------+-----
Stealth        | 7 8 9 |  9.7
Spellcasting   | 1 2 3 4 |  4.0
Dodging        | 3 4 5 |  5.2
Unarmed Combat | 3 4 5 |  5.2
Fighting       | 4 5 |  5.8
Summonings     | 1 |  1.7

Action                   |  1- 3 |  4- 6 |  7- 9 || total
-------------------------+-------+-------+-------++-------
Melee: Unarmed           |    80 |   123 |    47 ||   250
       Punch             |     4 |     4 |     6 ||    14
       Tentacles         |    15 |    39 |    34 ||    88
       Constrict         |    17 |    30 |    29 ||    76
       Dagger            |       |     1 |       ||     1
       Short sword       |       |       |    77 ||    77
Throw: Dart              |       |       |     6 ||     6
 Cast: Summon Guardian G |       |       |     3 ||     3
Evoke: Wand              |       |       |     2 ||     2
  Use: Potion            |       |     1 |     1 ||     2
       Scroll            |       |    14 |     1 ||    15
 Stab: Sleeping          |    17 |    18 |    13 ||    48
       Distracted        |       |     1 |     1 ||     2
       Invisible         |       |       |     1 ||     1
Armor: Skin              |     5 |     7 |     8 ||    20
Dodge: Dodged            |    45 |    80 |    95 ||   220
